 Dungeon Crawl Stone Soup version 0.30-a0-793-g160f7cfddd (webtiles) character file.

Game seed: 5730925630177426923

371 xian the Cudgeller (level 6, -6/61 HPs)
             Began as a Troll Fighter on Feb 20, 2023.
             Was an Initiate of Gozag.
             Mangled by an iguana (12 damage)
             ... on level 4 of the Dungeon.
             The game lasted 00:08:53 (3513 turns).

xian the Cudgeller (Troll Fighter)                  Turns: 3513, Time: 00:08:53

Health: -6/61      AC:  4    Str: 27    XL:     6   Next: 42%
Magic:  5/5        EV:  9    Int:  9    God:    Gozag
Gold:   199        SH:  9    Dex: 15    Spells: 5/5 levels left

rFire   + . .      SeeInvis .    k - +1 mace (holy)
rCold   + . .      Faith    .    c - +0 kite shield
rNeg    + . .      Spirit   .    n - +0 robe of Diepo Jusm {rN+ rCorr Int+5}
rPois   .          Reflect  .    (helmet restricted)
rElec   .          Harm     .    r - scarf {rC+ rF+}
rCorr   +          Rampage  .    (gloves unavailable)
Will    .....                    (boots unavailable)
Stlth   +                        (no amulet)
HPRegen 1.10/turn                l - +6 ring of dexterity
MPRegen 0.09/turn                (no ring)

@: no status effects
A: large, unfitting armour, claws 3, regeneration 1, shaggy fur 1, tough skin 1
a: Renounce Religion, Potion Petition, Call Merchant, Bribe Branch


You were on level 4 of the Dungeon.
You worshipped Gozag.
Gozag was aware of your devotion.
You visited 1 branch of the dungeon, and saw 4 of its levels.
You also visited: Ossuary.

You collected 294 gold pieces.
You paid 95 gold pieces to Gozag.

Inventory:

Hand Weapons
 k - a +1 mace of holy wrath (weapon)
Missiles
 e - 3 boomerangs
 h - 19 stones (quivered)
Armour
 c - a +0 kite shield (worn)
 n - the +0 robe of Diepo Jusm (worn) {rN+ rCorr Int+5}
   (You found it on level 2 of the Dungeon)

   Int:       It affects your intelligence (+5).
   rN:        It protects you from negative energy.
   rCorr:     It protects you from acid and corrosion.
 r - a scarf of resistance (worn)
Jewellery
 l - a +6 ring of dexterity (left claw)
Wands
 o - a wand of acid (3)
Scrolls
 a - a scroll of magic mapping
 b - a scroll of butterflies
 g - 6 scrolls of teleportation {unknown}
 m - a scroll of enchant armour
Potions
 d - 4 potions of might
 f - a potion of lignification {unknown}
 i - 2 potions of mutation
 j - a potion of brilliance
 p - 3 potions of curing {unknown}
 q - a potion of flight {unknown}
 s - 2 potions of berserk rage {unknown}
 t - 2 potions of haste
 u - a potion of attraction {unknown}
 v - a potion of ambrosia {unknown}


   Skills:
 + Level 3.1 Fighting
 + Level 4.3 Maces & Flails
 + Level 0.4 Throwing
 + Level 3.2 Dodging
 + Level 0.1 Stealth
 + Level 3.9 Shields


You had 5 spell levels left.
You didn't know any spells.
Your spell library contained the following spells:

 Spells                   Type           Power      Damage    Failure   Level
 Airstrike                Air            0%         2d(0-16)  100%        4
 Summon Lightning Spire   Summ/Air       0%         N/A       100%        4
 Lightning Bolt           Conj/Air       0%         1d11      100%        5


Dungeon Overview and Level Annotations

Branches:
Dungeon (4/15)            Ossuary (visited)
 Temple: D:4-7

Altars:
Gozag
Hepliaklqana
Sif Muna
Zin


Innate Abilities, Weirdness & Mutations

You are too large for most types of armour.
You have claws for hands.
Your natural rate of healing is unusually fast.
You are covered in fur. (AC +1)
You have tough skin. (AC +1)


Message History

a +0 dagger; a kobold corpse You open the door.
There is an open door here.
You open the door.
An iguana comes into view.
Found a yellow potion.
There is an open door here.
Found a book of Spatial Translocations.
The iguana bites you but does no damage.
You hit the iguana but do no damage. The iguana barely misses you.
You barely miss the iguana. You block the iguana's attack.
You barely miss the iguana. The iguana closely misses you.
The iguana bites you but does no damage.
You closely miss the iguana. The iguana bites you!
You closely miss the iguana. You block the iguana's attack.
You thump the iguana!
The iguana is severely wounded.
The iguana bites you! x2
You completely miss the iguana.
The iguana is severely wounded.
The iguana bites you!
You barely miss the iguana.
The iguana is severely wounded.
You block the iguana's attack.
You hit the iguana.
The iguana is almost dead.
The iguana bites you. The iguana bites you!
* * * LOW HITPOINT WARNING * * *
You closely miss the iguana.
The iguana is almost dead.
The iguana bites you but does no damage.
You barely miss the iguana.
The iguana is almost dead.
The iguana bites you!
* * * LOW HITPOINT WARNING * * *
You hit the iguana but do no damage.
The iguana is almost dead.
The iguana bites you!
You die...
Your body crumbles into a pile of gold.

,,*,,,,,,,*,*,,,**#.....#.....#.#
,,,,**,,,,#.#._**,+##'##+##+##'.#
,,,,,,,,,:#!..,**,#..#.....#..#.#
,,,***,,,.....##*,#..#'###+#..#.#
,,,,,,,,,.......,,#..#.....#..#.#
,*,***,,,,.###..*,+..'.._..+..'.#
**,*****_#####..###.)#.....#..#.#
**,***,,,..###..l##..#'###+#..#.#
**,,,,,,,,,,,,,#@.#..#.....#..#.#
**,*,,****,***#..'##+##'##)##+.#
*,*,,,,,,,,* #..#.....#.....###
*,***,,,,,,* ##.#.....#.....#
**,* *,,,,,,* #.###+##+##'###
**,,***,,,,,,* #.##........#
*,,,,,,,,,,,,* #.##.########
,,,,*******,** ##....# ,**** *,,*
#...###


You could see an iguana.

Vanquished Creatures
  A centaur zombie (Ossuary)
  3 human zombies (Ossuary)
  2 orc priests (D:3)
  2 mummies (Ossuary)
  5 adders
  An adder zombie (Ossuary)
  2 worms (D:2)
  12 orcs (D:3)
  4 endoplasms
  2 giant cockroaches (D:2)
  8 goblins
  8 hobgoblins
  A quokka (D:1)
  7 ball pythons
  10 bats
  4 goblin zombies (Ossuary)
  8 hobgoblin zombies (Ossuary)
  2 jackal zombies (Ossuary)
  9 kobolds
  12 kobold zombies (Ossuary)
  6 orc zombies (Ossuary)
  5 rats
114 creatures vanquished.

Vanquished Creatures (others)
  10 fungi (D:3)
  4 plants (D:2)
  4 toadstools (D:3)
18 creatures vanquished.

Grand Total: 132 creatures vanquished

Notes
Turn   | Place    | Note
-------+----------+-------------------------------------------
     0 | D:1      | xian the Troll Fighter began the quest for the Orb.
     0 | D:1      | Reached XP level 1. HP: 22/22 MP: 0/0
   259 | D:1      | Reached XP level 2. HP: 23/29 MP: 1/1
   265 | D:1      | Reached skill level 2 in Maces & Flails
  1061 | D:2      | Reached XP level 3. HP: 36/36 MP: 2/2
  1423 | D:2      | Found a faded altar of an unknown god.
  1492 | D:2      | Identified the +0 robe of Diepo Jusm {rN+ rCorr Int+5}
  1505 | D:2      | Reached XP level 4. HP: 23/44 MP: 3/3
  2053 | D:3      | Reached skill level 3 in Maces & Flails
  2226 | D:3      | Found a shimmering blue altar of Sif Muna.
  2389 | D:3      | Reached XP level 5. HP: 52/52 MP: 4/4
  2512 | D:3      | Found a glowing silver altar of Zin.
  2827 | D:3      | Found a hazy altar of Hepliaklqana.
  3010 | D:4      | Found a sand-covered staircase.
  3015 | Ossuary  | Entered an ossuary
  3217 | Ossuary  | Reached XP level 6. HP: 47/61 MP: 5/5
  3281 | Ossuary  | Reached skill level 4 in Maces & Flails
  3425 | D:4      | Found an opulent altar of Gozag.
  3432 | D:4      | Became a worshipper of Gozag Ym Sagoz the Greedy
  3513 | D:4      | Mangled by an iguana

Illustrated notes

Levels and vault maps discovered:
D:1:      dpeg_arrival_refuge, layout_basic, grunt_decor_mini_mirrors,
          chequers_decorated_corner, hangedman_decor_lopped, minmay_distorted
D:2:      wad_lake_hut, layout_basic, ebering_ecumenical_altar_hall
D:3:      layout_loops_ring, mainiacjoe_overflow_brackets,
          general_overflow_altar, lemuel_round_altar, minmay_crystal_water,
          chequers_serial_rivers_micro_e, nicolae_kite_square_tiling_tiny,
          minmay_gold_behind_fungi, grunt_ministairs_9
D:4:      layout_rooms, mainiacjoe_overflow_24_doors,
          mainiacjoe_overflow_concentric_impassable, overflow_temple_1_default,
          marbit_many_paths, cheibrodos_ashenzari_chains, enter_ossuary_5,
          nicolae_elemental_shop

Skill      XL: |  1  2  3  4  5  6 |
---------------+-------------------+-----
Maces & Flails | 2 3 4 |  4.3
Shields        | 3 |  3.9
Dodging        | 3 |  3.2
Fighting       | 3 |  3.1
Throwing       | |  0.4
Stealth        | |  0.1

Action                     |  1- 3 |  4- 6 || total
---------------------------+-------+-------++-------
  Melee: Flail             |    83 |       ||    83
         Mace              |    57 |   204 ||   261
  Throw: Stone             |    21 |     9 ||    30
         Boomerang         |     1 |       ||     1
    Use: Scroll            |       |     6 ||     6
   Stab: Sleeping          |     1 |     1 ||     2
 Armour: Robe              |    67 |    65 ||   132
  Dodge: Dodged            |    64 |    64 ||   128
  Block: Kite shield       |    77 |   102 ||   179

Table legend: (Time is in decaauts)
 A = Elapsed time spent in this place.
 B = Non-inter-level travel time spent in this place.
 C = Inter-level travel time spent in this place.
 D = Time resting spent in this place.
 E = Time spent auto-exploring this place.
 F = Levels seen in this place.
 G = Mean time per level.
                   A        B        C        D        E       F      G
               +--------+--------+--------+--------+--------+-----+--------+
         Total |   3650 |   3436 |    214 |      0 |   2156 |   5 |  730.0 |
       Dungeon |   3276 |   3062 |    214 |      0 |   2030 |   4 |  819.0 |
       Ossuary |    373 |    373 |      0 |      0 |    126 |   1 |  373.0 |
               +--------+--------+--------+--------+--------+-----+--------+

Top non-repeatable levels by time:
     D:1: 1072 daAuts
     D:3: 1014 daAuts
     D:2: 991 daAuts
 Ossuary: 373 daAuts
     D:4: 198 daAuts
